 Dungeon Crawl Stone Soup version 0.21.1-1-g345015f (webtiles) character file.

81 inc the Changer (level 4, 19/19 HPs)
             Began as a Felid Transmuter on June 18, 2018.
             Quit the game on level 3 of the Dungeon.
             The game lasted 00:02:35 (1866 turns).

inc the Changer (Felid Transmuter)                  Turns: 1866, Time: 00:02:36

Health: 19/19      AC:  1    Str:  6    XL:     4   Next: 19%
Magic:  8/8        EV: 18    Int: 14    God:
Gold:   87         SH:  0    Dex: 17    Spells: 1/7 levels left
                                        Lives:  1   Deaths: 0

rFire    . . .     SeeInvis +     - Unarmed
rCold    . . .     Gourm    .   (shield unavailable)
rNeg     . . .     Faith    .   (armour unavailable)
rPois    .         Spirit   .   (helmet unavailable)
rElec    .         Reflect  .   (cloak unavailable)
rCorr    .         Harm     .   (gloves unavailable)
MR       .....                  (boots unavailable)
Stlth    ++........             (no amulet)
HPRegen  0.06/turn              (no ring)
MPRegen  0.11/turn              (no ring)

@: appendage, quick
A: very small, no armour, no weapons or thrown items, stealth, claws 1, fangs 3,
horns 2, see invisible, carnivore, speed 1, shaggy fur 1, slow metabolism 1,
sharp paws
a: End Transformation


You were on level 3 of the Dungeon.
You were full.
You had grown temporary horns.
You visited 1 branch of the dungeon, and saw 3 of its levels.

You collected 87 gold pieces.

Inventory:

Missiles
 a - 9 arrows
Jewellery
 d - a cursed ring of teleportation {unknown}
 i - an uncursed ring of fire {unknown}
Scrolls
 e - a scroll of enchant armour {unknown}
 f - 2 scrolls of identify {unknown}
 h - 2 scrolls of remove curse {unknown}
 j - a scroll of teleportation {unknown}
 k - a scroll of immolation {unknown}
Potions
 g - 2 potions of curing {unknown}
Books
 b - a book of Changes

   Spells                             Type                      Level
   a - Beastly Appendage              Transmutation                1
   b - Sticks to Snakes               Transmutation                2
   c - Spider Form                    Transmutation/Poison         3
   d - Ice Form                       Ice/Transmutation            4
   e - Blade Hands                    Transmutation                5
Comestibles
 c - 6 rations


   Skills:
 + Level 1.5 Fighting
 + Level 3.2 Dodging
 - Level 3.0 Unarmed Combat
 - Level 2.0 Spellcasting
 - Level 4.5 Transmutations


You had one spell level left.
You knew the following spells:

 Your Spells              Type           Power        Failure   Level  Hunger
a - Beastly Appendage     Tmut           ##....       3%          1    ##.....
b - Sticks to Snakes      Tmut           ##......     5%          2    ###....
c - Spider Form           Tmut/Pois      #.........   28%         3    ####...


Dungeon Overview and Level Annotations

Branches:
Dungeon (3/15)

Altars:

Annotations:
D:2 1 runed door, Sigmund
D:3 theblackcape's ghost, amateur GnWn


Innate Abilities, Weirdness & Mutations

You cannot wear armour.
You are incapable of wielding weapons or throwing items.
Your paws allow you to move quietly. (Stealth)
You have sharp claws.
You have razor-sharp teeth.
You have supernaturally acute eyesight. (SInv)
You are carnivorous and can eat meat at any time.
You cover ground quickly.
You are covered in fur. (AC +1)
You have a slow metabolism.
Your sharp claws are effective at attacking unaware monsters.
You have a pair of horns on your head.


Message History

You open the door.
A rat and a quokka come into view.
Found 2 javelins.
Found an escape hatch in the ceiling.
There is an open door here.
There are monsters nearby!
Theblackcape's ghost (amateur Gnoll Wanderer) comes into view.
Theblackcape's ghost turns its malevolent gaze towards you.
Casting: Beastly Appendage
Confirm with . or Enter, or press ? or * to list all spells.
You grow a pair of large bovine horns.
A kobold comes into view.
There is an open door here.
You scratch the rat.
You kill the rat!
You scratch the quokka.
You kill the quokka!
Theblackcape's ghost casts a spell at you.
The ball explodes into a vile cloud!
The stinking cloud engulfs you!
There is a stone staircase leading up here.
Are you sure you want to abandon this character and quit the game? (Confirm with "yes".)

................
................
................##
######..........#
#..........#
#..........#
#..........#
#..........#


You could see theblackcape's ghost.

Vanquished Creatures
  Natasha (twice) (D:2)
  An ooze (D:1)
  An orc (D:3)
  6 goblins
  3 hobgoblins (D:1)
  2 quokkas
  3 bats (D:1)
  5 frilled lizards (D:1)
  2 kobolds (D:1)
  8 rats
33 creatures vanquished.

Vanquished Creatures (collateral kills)
  A worm (D:2)
1 creature vanquished.

Grand Total: 34 creatures vanquished

Notes
Turn   | Place    | Note
-------+----------+-------------------------------------------
     0 | D:1      | inc the Felid Transmuter began the quest for the Orb.
     0 | D:1      | Reached XP level 1. HP: 9/9 MP: 4/4
   155 | D:1      | Reached skill level 3 in Transmutations
   162 | D:1      | Reached XP level 2. HP: 7/12 MP: 6/6
   468 | D:1      | Learned a level 2 spell: Sticks to Snakes
  1135 | D:2      | Noticed Natasha
  1144 | D:2      | Killed Natasha
  1144 | D:2      | Reached skill level 4 in Transmutations
  1144 | D:2      | Reached XP level 3. HP: 4/15 MP: 5/7
  1155 | D:2      | Noticed Sigmund
  1436 | D:2      | Learned a level 3 spell: Spider Form
  1480 | D:2      | Noticed Natasha
  1625 | D:2      | Killed Natasha
  1625 | D:2      | Reached XP level 4. HP: 16/19 MP: 3/8
  1737 | D:2      | Found a runed door.
  1850 | D:3      | Noticed theblackcape's ghost (amateur GnWn)
  1866 | D:3      | Quit the game

Skill      XL: |  1  2  3 |
---------------+----------+-----
Transmutations | 3 4 |  4.5
Dodging        | 3 |  3.2
Fighting       | |  1.5
Unarmed Combat | |  3.0
Spellcasting   | |  2.0

Action                   |  1- 3 |  4- 6 || total
-------------------------+-------+-------++-------
Melee: Unarmed           |    75 |    10 ||    85
       Bite              |     4 |       ||     4
       Headbutt          |     2 |     3 ||     5
       Punch             |     2 |       ||     2
 Cast: Beastly Appendage |     4 |     2 ||     6
       Sticks to Snakes  |     3 |       ||     3
       Spider Form       |       |     1 ||     1
 Stab: Sleeping          |     4 |       ||     4
  Eat: Chunk             |     1 |     4 ||     5
Armor: Skin              |     1 |       ||     1
Dodge: Dodged            |    57 |     5 ||    62
